Unix NetHack Version 5.0.0-0 post-release - last build May 31 2026 23:59:36 (970b52f25bf058293b47ddfd14a1e40e571c508c,branch:main).

Game began 2026-06-04 03:11:58, ended 2026-06-04 03:22:43.

Eldrich, lawful male human Archeologist

 ------------                             ------
 |..........|                             |....|
 |...........                             |....|
 |..<.......|                             |.....#             --------------
 |..........|                             |....|#####:f       |............|
 |..........|     -------------           |....|      @e      |............|
 ---|--------     |...........|           ----.-              |........(...|
    ##           #............|               #               |.{..........|
     #         ###|...........|               #             `#-........>...|
     #         #  ---------|---               #            ## --------------
     #         #         ####                ##          ###
     #        ##        --.--.--             #           #
 ----.------- #         |......|             #          ##
 |..........|##         |).....|            ##         ##
 |..........|#          |......--.-      ---.--------  #
 |..........-#          ----..`...|######%..........|  #
 |..........|              |.......#     |..........|  #
 ------------              |......|      |...........###
                           --------      ---------+--

Eldrich the Field Worker   St:13 Dx:10 Co:13 In:15 Wi:13 Ch:11  Lawful
Dlvl:3  $:23 HP:0(26) Pw:11(11) AC:9  Xp:3 T:1141  Hungry  

Latest messages:
 You see here an engagement ring.
 t - an engagement ring.
 What do you want to put on? [t or ?*] t
 Which ring-finger, Right or Left? [rl] r
 t - an engagement ring (on right hand).
 The newt bites!
 The newt just misses!
 The kitten misses the newt.
 You miss the newt.
 The kitten misses the newt.
 The newt just misses!
 The kitten misses the newt.
 You miss the newt.
 The kitten misses the newt.
 The newt bites!
 You miss the newt.
 The kitten misses the newt.
 You miss the newt.
 The kitten misses the newt.
 The newt bites!
 The kitten bites the newt.
 The newt is killed!
 You see here a newt corpse.
 There is a newt corpse here; eat it? [ynq] (n) y
 This newt corpse tastes okay.
 You finish eating the newt corpse.
 You see here 4 gold pieces.
 $ - 4 gold pieces (23 in total).
 You miss the floating eye.
 You are frozen by the floating eye's gaze!
 The kitten misses the floating eye.
 The kitten is frozen by the floating eye's gaze!
 The iguana bites!
 You are beginning to feel hungry.
 The iguana bites!
 The iguana bites!
 The iguana bites!
 The iguana bites!
 The iguana bites!
 The iguana bites!
 The iguana bites!
 The iguana bites!
 The iguana bites!
 The iguana bites!
 You die...
 Do you want your possessions identified? [ynq] (y) y
 Do you want to see your attributes? [ynq] (y) n
 Do you want an account of creatures vanquished? [ynaq] (y) n
 Do you want to see your conduct and achievements? [ynq] (y) n
 Do you want to see the dungeon overview? [ynq] (y) n

Inventory:
 Coins    ('$')
  $ - 23 gold pieces
 Weapons  (')')
  a - a +2 bullwhip
  n - a +0 scimitar (weapon in right hand)
 Armor    ('[')
  c - an uncursed +0 fedora (being worn)
  b - an uncursed +0 leather jacket (being worn)
 Comestibles  ('%')
  d - 6 uncursed food rations
 Scrolls  ('?')
  o - an uncursed scroll of amnesia
  k - an uncursed scroll of enchant weapon
  j - an uncursed scroll of remove curse
 Potions  ('!')
  p - a cursed potion of confusion
  s - 2 uncursed potions of healing
  l - a cursed potion of levitation
 Rings    ('=')
  t - an uncursed ring of warning (on right hand)
 Wands    ('/')
  q - a wand of teleportation (0:4)
 Tools    ('(')
  h - an empty uncursed sack
  e - a +0 pick-axe (alternate weapon; not wielded)
  r - an uncursed tin whistle
  f - a tinning kit (0:99)
 Gems/Stones  ('*')
  g - an uncursed touchstone

Eldrich the Archeologist's attributes:

Background:
 You were a Field Worker, a level 3 male human Archeologist.
 You were lawful, nominally on a mission for Quetzalcoatl
 who was opposed by Camaxtli (neutral) and Huhetotl (chaotic).
 You were right-handed.
 You were in the Dungeons of Doom, on level 3.
 You entered the dungeon 1141 turns ago.
 It was nighttime.
 You had 54 experience points, 26 more were needed to attain level 4.

Basics:
 You had 0 out of 26 hit points.
 You had all 11 energy points (spell power).
 Your armor class was 9.
 Your wallet contained 23 zorkmids.
 Autopickup was off.

Final Characteristics:
 Your strength was 13 (limit:18/100).
 Your dexterity was 10 (limit:18).
 Your constitution was 13 (limit:18).
 Your intelligence was 15 (limit:18).
 Your wisdom was 13 (limit:18).
 Your charisma was 11 (limit:18).

Final Status:
 You were hungry.
 You were unencumbered.
 You were wielding a saber.
 You were unskilled in saber.

Final Attributes:
 You were devoutly aligned.
 You were warned.
 You had automatic searching.
 You were lucky.
 You are dead.

Miscellaneous:
 You didn't encounter any bones levels.
 Total elapsed playing time was 10 minutes and 41 seconds.

Major events:
 Turn
    1: Eldrich the lawful male human Archeologist entered the dungeon
  591: attained the rank of Field Worker (level 3)
 1141: killed by an iguana, while frozen by a floating eye's gaze

You didn't know any spells.

Skills:
 Fighting Skills
   bare handed combat [Unskilled]
   two weapon combat  [Unskilled]
   riding             [Unskilled]
 Weapon Skills
   dagger             [Unskilled]
   knife              [Unskilled]
   pick-axe           [Basic]
   short sword        [Unskilled]
   saber              [Unskilled]
   club               [Unskilled]
   quarterstaff       [Unskilled]
   sling              [Unskilled]
   dart               [Unskilled]
   boomerang          [Unskilled]
   whip               [Basic]
   unicorn horn       [Unskilled]
 Spellcasting Skills
   attack spells      [Unskilled]
   healing spells     [Unskilled]
   divination spells  [Unskilled]
   matter spells      [Unskilled]

Voluntary challenges:
 Character rerolling was not enabled.
 You were an atheist.
 You never genocided any monsters.
 You never polymorphed an object.
 You never changed form.
 You used no wishes.
Achievement:
 You attained the rank of Field Worker.

 The Dungeons of Doom: levels 1 to 4
    Level 1:
       A fountain, a sink.
    Level 2:
       Some fountains, a sink.
    Level 3: <- You were here.
       A fountain.
       Final resting place for
          you, killed by an iguana, while frozen by a floating eye's gaze.
    Level 4:


Vanquished creatures:
  a homunculus
  2 acid blobs
  a red mold
  3 jackals
  2 foxes
  4 goblins
  3 grid bugs
  a bat
  3 lichens
  a kobold zombie
  5 newts
26 creatures vanquished.

No species were genocided or became extinct.

Game over:
                       ----------
                      /          \
                     /    REST    \
                    /      IN      \
                   /     PEACE      \
                  /                  \
                  |     Eldrich      |
                  |      23 Au       |
                  |   killed by an   |
                  |      iguana      |
                  |                  |
                  |                  |
                  |       2026       |
                 *|     *  *  *      | *
        _________)/\\_//(\/(/\)/\//\/|_)_______

Goodbye Eldrich the Archeologist...

You died in The Dungeons of Doom on dungeon level 3 with 387 points,
and 23 pieces of gold, after 1141 moves.
You were level 3 with a maximum of 26 hit points when you died.

